 Dungeon Crawl Stone Soup version 0.18-a0-1730-g73f0523 (webtiles) character file.

2916 vev the Basher (level 9, -3/98 HPs)
             Began as an Ogre Arcane Marksman on Apr 10, 2016.
             Was a Follower of the Shining One.
             Slain by a gnoll sergeant
             ... wielding a +1 trident of protection
              (15 damage)
             ... on level 6 of the Dungeon.
             The game lasted 00:32:02 (12593 turns).

vev the Basher (Ogre Arcane Marksman)              Turns: 12593, Time: 00:32:03

Health: -3/98      AC:  4    Str: 18    XL:     9   Next: 79%
Magic:  10/10      EV: 11    Int: 12    God:    the Shining One [*.....]
Gold:   347        SH:  0    Dex: 12    Spells: 2 memorised, 8 levels left

rFire  . . .     SeeInvis .     M - +1 morningstar (curse)
rCold  . . .     Gourm    .     a - +0 robe
rNeg   . . .     Faith    .     (no shield)
rPois  .         Spirit   .     (helmet restricted)
rElec  .         Dismiss  .     A - +0 cloak
rCorr  +         Reflect  .     (gloves unavailable)
SustAt .         Harm     .     (boots unavailable)
MR     .....                    (no amulet)
Stlth  +.........               (no ring)
                                O - ring of resist corrosion

@: glowing, not resistant to hostile enchantments, very unstealthy
A: unfitting armour, tough skin 1
a: Renounce Religion


You were on level 6 of the Dungeon.
You worshipped the Shining One.
The Shining One was aware of your devotion.
You were not hungry.

You visited 2 branches of the dungeon, and saw 8 of its levels.
You also visited: Ossuary.

You collected 347 gold pieces.

Inventory:

Hand Weapons
 x - a +0 giant club
 E - the +4 rapier of Severance {pierce, *Confuse MR+ Int+3}
   (You found it on level 4 of the Dungeon)

   It inflicts extra damage upon your enemies.
   It affects your intelligence (+3).
   It affects your resistance to hostile enchantments.
   It may confuse you when you take damage.
 M - a cursed +1 morningstar (weapon)
Missiles
 p - a throwing net
 y - a large rock (quivered)
Armour
 a - a +0 robe (worn)
 A - a +0 cloak (worn)
Jewellery
 O - a ring of resist corrosion (left hand)
 P - an uncursed ring of ice
Wands
 d - a wand of polymorph (10/24)
 F - a wand of slowing (17/48)
Scrolls
 c - a scroll of identify
 g - 2 scrolls of magic mapping {unknown}
 h - a scroll of random uselessness {unknown}
 j - 2 scrolls of enchant weapon {unknown}
 o - 3 scrolls of blinking {unknown}
 s - 7 scrolls of remove curse
 t - 2 scrolls of teleportation {unknown}
 v - 2 scrolls of fear {unknown}
 z - a scroll of noise {unknown}
 D - 3 scrolls of fog {unknown}
 I - a scroll of enchant armour {unknown}
Potions
 e - 3 potions of haste
 i - a potion of invisibility {unknown}
 l - 2 potions of flight
 m - a potion of magic
 n - 2 potions of agility
 r - 3 potions of brilliance
 w - 7 potions of curing
 B - a potion of berserk rage {unknown}
 H - 2 potions of mutation {unknown}
 J - 2 potions of lignification
 K - a potion of cure mutation {unknown}
 L - a potion of experience {unknown}
 N - a potion of might {unknown}
Books
 b - a book of Debilitation

   Spells                             Type                      Level
   a - Corona                         Hexes                        1
   b - Slow                           Hexes                        2
   c - Gell's Gravitas                Hexes/Translocation          3
   d - Inner Flame                    Hexes/Fire                   3
   e - Cause Fear                     Hexes                        4
   f - Leda's Liquefaction            Hexes/Earth                  4
 C - a book of Party Tricks

   Spells                             Type                      Level
   a - Summon Butterflies             Summoning                    1
   b - Apportation                    Translocation                1
   c - Tukima's Dance                 Hexes                        3
   d - Alistair's Intoxication        Transmutation/Poison         5
   e - Invisibility                   Hexes                        6
Comestibles
 f - 4 bread rations
 k - 3 chunks of flesh
 u - 2 beef jerkies


   Skills:
 - Level 9.1 Fighting
 * Level 13.3 Maces & Flails
 - Level 2.0 Throwing
 + Level 3.4 Dodging
 - Level 1.2 Spellcasting
 - Level 2.1 Hexes


You had 8 spell levels left.
You knew the following spells:

 Your Spells              Type           Power        Failure   Level  Hunger
a - Corona                Hex            #......      14%         1    ##.....
z - Apportation           Tloc           #.........   34%         1    ##.....


Dungeon Overview and Level Annotations

Branches:
Dungeon (7/15)             Temple (1/1) D:6

Altars:
Ashenzari
Cheibriados
Dithmenos
Elyvilon
Fedhas
Gozag
Kikubaaqudgha
Makhleb
Nemelex Xobeh
Qazlal
Ru
Trog
Vehumet
Xom
Zin
The Shining One

Annotations:
D:7 vev's ghost, novice OgAM


Innate Abilities, Weirdness & Mutations

You are too large for most types of armour.
You have tough skin (AC +1).


Message History

* * * LOW HITPOINT WARNING * * *
The gnoll hits you from afar with a halberd!
* * * LOW HITPOINT WARNING * * *
The gnoll sergeant hits you from afar with a trident of protection!
* * * LOW HITPOINT WARNING * * *
The hound barely misses you.
You see here an arrow.
Unknown command.
The centaur wields an uncursed shortbow.
The centaur shoots an arrow.
The arrow closely misses you.
The centaur shoots an arrow.
The arrow hits you!
* * * LOW HITPOINT WARNING * * *
You see here 2 arrows.
Unknown command.
Drink which item? (? for menu, Esc to quit)
You feel better. The hound bites you but does no damage.
The orc wizard casts a spell.
The orc wizard blinks!
The gnoll sergeant hits you from afar with a trident of protection!
You die...

##########
#........########################
#........#.......................
#........'.......(g..............
#...<....#.....(gcg..ยง...).......
#........#....##@hg####)####=....
#........#....##...####'####.....
#........#....#(...#...(.........
#........#....#....#.............
#........#....##)..#.....g.......
#######'##....##)).#....(........
#.............#....g(.......
#........)....#......(......
#.............#....##.(.b..P


You could see a gnoll sergeant, a centaur, a hound, a gnoll and 2 hobgoblins.

Vanquished Creatures
  2 wraiths (Ossuary)
  Edmund (D:4)
  Duvessa (D:4)
  2 phantoms (D:6)
  An ice beast (D:5)
  A necrophage (D:3)
  An ogre (D:3)
  5 centaurs
  A crocodile (D:7)
  The ghost of Lovchig the Ruffian, an amateur VSMo of Xom (D:4)
  A big kobold (D:6)
  A gnoll sergeant (D:6)
  Dowan (D:4)
  A killer bee (D:6)
  2 vampire bats (D:3)
  3 wights (Ossuary)
  A howler monkey (D:5)
  3 jellies
  3 hounds (D:4)
  2 centaur zombies (D:7)
  Crazy Yiuf (D:3)
  2 centaur skeletons (D:5)
  An orc wizard (D:5)
  Natasha (thrice) (D:3 D:2)
  An iguana (D:6)
  3 worker ants
  2 hound zombies
  A worker ant zombie (D:3)
  2 howler monkey zombies
  9 gnolls
  13 adders
  A shadow imp (D:5)
  2 oozes
  2 adder zombies
  3 worms (D:2)
  5 dart slugs
  2 giant geckos
  4 orcs
  12 bats
  3 bat skeletons (D:3)
  2 bat zombies (D:3)
  8 giant cockroaches
  8 goblins
  14 hobgoblins
  11 jackals
  3 quokkas
  A ball python (D:1)
  2 ball python skeletons (Ossuary)
  2 giant gecko skeletons
  A giant gecko zombie (D:3)
  10 giant newts
  A hobgoblin skeleton (Ossuary)
  3 hobgoblin zombies (Ossuary)
  A jackal zombie (D:3)
  12 kobolds
  A kobold zombie (Ossuary)
  An orc zombie (Ossuary)
  3 rats (D:2)
  A fungus (D:3)
191 creatures vanquished.

Notes
Turn   | Place    | Note
--------------------------------------------------------------
     0 | D:1      | vev the Ogre Arcane Marksman began the quest for the Orb.
     0 | D:1      | Reached XP level 1. HP: 19/19 MP: 2/2
   207 | D:1      | Reached skill level 1 in Maces & Flails
   395 | D:1      | Reached XP level 2. HP: 29/29 MP: 3/3
   735 | D:1      | Reached skill level 2 in Maces & Flails
   773 | D:1      | Reached XP level 3. HP: 17/36 MP: 4/4
  1860 | D:2      | Reached skill level 3 in Maces & Flails
  1860 | D:2      | Reached XP level 4. HP: 35/46 MP: 2/5
  3177 | D:3      | Noticed a necrophage
  3372 | D:3      | Noticed Natasha
  3832 | D:3      | Reached skill level 4 in Maces & Flails
  3832 | D:3      | Reached XP level 5. HP: 37/55 MP: 6/6
  3833 | D:3      | Killed Natasha
  4060 | D:3      | Noticed Natasha
  4072 | D:2      | Killed Natasha
  4072 | D:2      | Reached skill level 5 in Maces & Flails
  4447 | D:2      | Reached XP level 6. HP: 57/65 MP: 7/7
  5200 | D:3      | Reached skill level 5 in Fighting
  5303 | D:2      | Noticed Natasha
  5318 | D:2      | Killed Natasha
  5318 | D:2      | Reached skill level 6 in Maces & Flails
  5758 | D:3      | Killed a necrophage
  5855 | D:3      | Found an ancient bone altar of Kikubaaqudgha.
  5880 | D:3      | Reached skill level 7 in Maces & Flails
  5880 | D:3      | Reached XP level 7. HP: 45/74 MP: 8/8
  6016 | D:3      | Noticed Crazy Yiuf
  6031 | D:3      | Killed Crazy Yiuf
  6391 | D:4      | Reached skill level 8 in Maces & Flails
  6441 | D:4      | Noticed Lovchig's ghost (amateur VSMo)
  6455 | D:4      | Killed Lovchig's ghost
  6842 | D:4      | Noticed Duvessa
  6844 | D:4      | Noticed Dowan
  6861 | D:4      | Killed Duvessa
  6904 | D:4      | Killed Dowan
  6904 | D:4      | Reached skill level 9 in Maces & Flails
  6904 | D:4      | Reached XP level 8. HP: 8/84 MP: 9/9
  7250 | D:4      | Noticed Edmund
  7393 | D:4      | Killed Edmund
  7620 | D:4      | Learned a level 1 spell: Apportation
  7777 | D:4      | Got a crude rapier
  7793 | D:4      | Identified the +4 rapier of Severance {pierce, *Confuse MR+ Int+3} (You found it on level 4 of the Dungeon)
  8082 | D:5      | Entered Level 5 of the Dungeon
  8110 | D:5      | Reached skill level 10 in Maces & Flails
  8201 | D:5      | Found a snail-covered altar of Cheibriados.
  8302 | D:5      | Found a sand-covered staircase.
  8309 | Ossuary  | Entered an ossuary
  8611 | Ossuary  | Noticed a wraith
  8611 | Ossuary  | Noticed a flying skull
  8619 | Ossuary  | Noticed a flying skull
  8621 | Ossuary  | Noticed a flying skull
  8645 | Ossuary  | Noticed a flying skull
  8647 | Ossuary  | Noticed a flying skull
  8651 | Ossuary  | Noticed a wraith
  8665 | Ossuary  | Killed a wraith
  8665 | Ossuary  | Reached skill level 11 in Maces & Flails
  9053 | Ossuary  | Noticed a wraith
  9062 | Ossuary  | Killed a wraith
  9062 | Ossuary  | Reached XP level 9. HP: 66/97 MP: 10/10
  9630 | D:5      | Reached skill level 12 in Maces & Flails
 10462 | D:6      | Found a staircase to the Ecumenical Temple.
 10474 | D:6      | Found a shadowy altar of Dithmenos.
 10497 | Temple   | Entered the Ecumenical Temple
 10605 | Temple   | Became a worshipper of the Shining One
 11013 | D:7      | Noticed vev's ghost (novice OgAM)
 11045 | D:7      | The Shining One protects you from harm!
 11645 | D:6      | Reached * piety under the Shining One
 11695 | D:6      | Reached skill level 13 in Maces & Flails
 11932 | D:6      | Found a sparkling altar of Nemelex Xobeh.
 11942 | D:6      | Found a glowing silver altar of Zin.
 12592 | D:6      | HP: 4/98 [centaur/arrow (7)]
 12593 | D:6      | Slain by a gnoll sergeant

Vault maps used:
D:1:      minmay_arrival_four_loops
D:2:      first_bread
D:3:      kennysheep_vampire_church, serial_undead, serial_undead_a,
          serial_undead_a, serial_undead_b, serial_undead_b, serial_undead_a,
          serial_undead_a, serial_undead_f, roderic_roman_lattice,
          uniq_crazy_yiuf_cottage, uniq_natasha
D:4:      minmay_surrounded, uniq_duvessa, uniq_edmund
D:5:      nicolae_ossuary_entry_false_entrances, lemuel_tele_altar
D:6:      kennysheep_housing_project, grunt_dithmenos_smoke,
          amethyst_overflow_temple_binary, minmay_temple_entry_butterflies
D:7:      minitemple, grunt_pakellas_basics
Temple:   circular_temple_12
Ossuary:  ossuary_due_cavern

Skill      XL: |  1  2  3  4  5  6  7  8  9 |
---------------+----------------------------+-----
Fighting       | 2 3 4 5 6 8 9 |  9.1
Maces & Flails | 1 2 3 4 5 7 9 11 13 | 13.3
Dodging        | 3 |  3.4
Throwing       | |  2.0
Spellcasting   | |  1.2
Hexes          | |  2.1

Action                   |  1- 3 |  4- 6 |  7- 9 || total
-------------------------+-------+-------+-------++-------
Melee: Unarmed           |    27 |       |       ||    27
       Club              |     6 |       |       ||     6
       Whip              |    23 |       |       ||    23
       Mace              |    70 |   281 |    70 ||   421
       Quarterstaff      |       |       |   161 ||   161
       Morningstar       |       |       |   114 ||   114
Throw: Large rock        |       |    13 |    13 ||    26
       Throwing net      |       |     1 |     2 ||     3
 Cast: Corona            |     2 |     8 |     5 ||    15
Evoke: Wand              |       |       |     2 ||     2
  Use: Scroll            |       |       |     9 ||     9
       Potion            |       |       |     3 ||     3
 Stab: Sleeping          |     1 |       |       ||     1
       Paralysed         |       |       |     7 ||     7
       Petrifying        |       |       |     1 ||     1
       Confused          |       |       |     1 ||     1
  Eat: Chunk             |     3 |    13 |    12 ||    28
       Meat ration       |       |       |     2 ||     2
